 Dungeon Crawl Stone Soup version 0.29-a0-289-g2178c42546 (webtiles) character file.

Game seed: 13121286003427584887

459 Dabor the Skirmisher (level 6, 0/47 HPs)
             Began as a Palentonga Fighter on Mar 16, 2022.
             Was a Believer of Hepliaklqana.
             Killed from afar by a white imp (6 damage)
             ... with a puff of frost
             ... on level 5 of the Dungeon.
             The game lasted 00:05:55 (4161 turns).

Dabor the Skirmisher (Palentonga Fighter)           Turns: 4161, Time: 00:05:56

Health: 0/47       AC: 11    Str: 21    XL:     6   Next: 78%
Magic:  7/7        EV: 23    Int: 15    God:    Hepliaklqana [**....]
Gold:   268        SH:  4    Dex:  9    Spells: 5/5 levels left

rFire   . . .      SeeInvis +   k - +2 mace (protect)
rCold   . . .      Faith    .   c - +0 buckler
rNeg    . . .      Spirit   .   t - +4 scale mail
rPois   .          Reflect  .   (no helmet)
rElec   .          Harm     .   (no cloak)
rCorr   .          Rampage  .   (no gloves)
Will    .....                   (no barding)
Stlth   ..........              n - amulet of the acrobat
HPRegen 0.15/turn               r - +6 ring of intelligence
MPRegen 0.10/turn               (no ring)

@: brilliant, acrobatic
A: reduced essence, large, rugged brown scales 3, see invisible, deformed body,
roll 1, armoured tail
a: Rolling Charge, Renounce Religion, Recall Ancestor, Ancestor Identity


You were on level 5 of the Dungeon.
You worshipped Hepliaklqana.
Hepliaklqana was pleased with you.
You visited 1 branch of the dungeon, and saw 8 of its levels.

You collected 268 gold pieces.

Inventory:

Hand Weapons
 a - a +1 war axe of venom
 k - a +2 mace of protection (weapon)
Armour
 b - a +0 scale mail
 c - a +0 buckler (worn)
 t - a +4 scale mail (worn)
 v - a +0 helmet
Jewellery
 n - an amulet of the acrobat (around neck)
 r - a +6 ring of intelligence (left hand)
Wands
 s - a wand of mindburst (9)
Scrolls
 e - 2 scrolls of amnesia
 h - a scroll of identify
 o - 2 scrolls of fog
Potions
 f - a potion of magic {unknown}
 p - a potion of haste {unknown}
 q - a potion of flight {unknown}


   Skills:
 * Level 4.5 Fighting
 * Level 3.8 Axes
 * Level 3.7 Armour
 * Level 2.5 Dodging
 - Level 2.4 Shields
 + Level 1.7 Invocations


You had 5 spell levels left.
You didn't know any spells.
Your spell library contained the following spells:

 Spells                   Type           Power      Damage    Failure   Level
 Sting                    Tmut/Pois      0%         1d3       65%         1
 Poisonous Vapours        Pois/Air       0%         N/A       80%         2
 Ignite Poison            Fire/Tmut/Pois 0%         N/A       95%         3
 Mephitic Cloud           Conj/Pois/Air  0%         N/A       95%         3
 Olgreb's Toxic Radiance  Pois           0%         N/A       100%        4
 Freezing Cloud           Conj/Ice/Air   0%         6-21      100%        5


Dungeon Overview and Level Annotations

Branches:
Dungeon (8/15)             Temple (0/1) D:4
   Lair: D:8-11

Altars:
Hepliaklqana
Kikubaaqudgha
Wu Jian


Innate Abilities, Weirdness & Mutations

Your life essence is reduced to manifest your ancestor. (-10% HP)
You are completely covered in rugged brown scales. (AC +3, +7% HP)
You have supernaturally acute eyesight. (SInv)
Armour fits poorly on your strangely shaped body.
You can roll at nearby foes to attack.
You have a long armoured tail.


Message History

You block the orc wizard's attack.
You completely miss the sky beast.
The sky beast is moderately wounded.
The phantom hits you but does no damage.
The orc wizard hits you with a +0 dagger.
* * * LOW HITPOINT WARNING * * *
The sky beast hits you but does no damage.
The phantom barely misses you.
It was a potion of brilliance.
You feel clever all of a sudden.
The orc wizard points at you and mumbles some strange words.
The puff of flame hits you.
* * * LOW HITPOINT WARNING * * *
The sky beast completely misses you.
The phantom hits you but does no damage.
You feel better.
The orc wizard points at you and mumbles some strange words.
You resist with some effort.
The sky beast flickers out of sight for a moment.
The sky beast closely misses you. The phantom hits you.
The phantom blinks!
You blink.
The phantom hits you but does no damage.
Found a club.
The phantom attacks as you move away!
The phantom hits you but does no damage.
A white imp comes into view.
The white imp shouts!
The white imp gestures at you. The puff of frost hits you!
* * * LOW HITPOINT WARNING * * *
Found a book of the Senses.
The white imp picks up a beetle and eats it.
The phantom attacks as you move away! The phantom barely misses you.
The white imp gestures at you. The puff of frost misses you.
The puff of frost hits the phantom.
The phantom completely resists.
The white imp misses you. The white imp gestures at you.
The puff of frost hits you.
You die...

#. #. #.
#.# ###:.
#... #..#
##5@#
#...#
#..W##
##)o.##
###..##
#### ###
##.Y##
...## ##.#
##..##
.#R.###.##
#...#
###.#...#
##..#


You could see a phantom, an orc wizard and a white imp.

Vanquished Creatures
  An ogre (D:4)
  A phantom (D:4)
  A kobold brigand (D:8)
  A howler monkey (D:4)
  A hound (D:4)
  2 adders (D:4)
  3 gnolls (D:4)
  A shadow imp (D:8)
  An ufetubus (D:5)
  2 dart slugs
  3 endoplasms
  A giant cockroach (D:1)
  6 goblins
  8 hobgoblins
  2 jackals (D:1)
  A quokka (D:3)
  2 ball pythons
  3 bats
  5 frilled lizards
  11 kobolds
  4 rats
60 creatures vanquished.

Vanquished Creatures (collateral kills)
  A hound (D:5)
  An adder (D:3)
  A worm (D:4)
  An orc (D:4)
4 creatures vanquished.

Vanquished Creatures (others)
  A hexer (D:4)
1 creature vanquished.

Grand Total: 65 creatures vanquished

Notes
Turn   | Place    | Note
-------+----------+-------------------------------------------
     0 | D:1      | Dabor the Palentonga Fighter began the quest for the Orb.
     0 | D:1      | Reached XP level 1. HP: 19/19 MP: 1/1
   538 | D:1      | Reached XP level 2. HP: 23/25 MP: 2/2
  1235 | D:2      | Reached XP level 3. HP: 13/31 MP: 3/3
  1710 | D:2      | Found a faded altar of an unknown god.
  1927 | D:2      | Prayed at the altar of an unknown god.
  1927 | D:2      | Became a worshipper of Hepliaklqana the Forgotten
  1927 | D:2      | Reached * piety under Hepliaklqana
  1968 | D:3      | Reached skill level 1 in Dodging
  2069 | D:3      | Found an ancient bone altar of Kikubaaqudgha.
  2402 | D:3      | Found an ornate altar of the Wu Jian Council.
  2451 | D:3      | Reached ** piety under Hepliaklqana
  2452 | D:3      | Remembered your ancestor Bintanath as a hexer
  2793 | D:4      | Reached XP level 4. HP: 30/35 MP: 4/4
  2861 | D:4      | Reached XP level 5. HP: 35/40 MP: 5/5
  2876 | D:4      | Noticed a phantom
  2883 | D:4      | Killed a phantom
  2884 | D:4      | Reached skill level 4 in Fighting
  2884 | D:4      | Reached skill level 1 in Invocations
  3492 | D:4      | Found a staircase to the Ecumenical Temple.
  3541 | D:4      | Noticed an ogre
  3550 | D:4      | Killed an ogre
  3551 | D:4      | Reached XP level 6. HP: 21/47 MP: 5/7
  3896 | D:5      | Entered Level 5 of the Dungeon
  4049 | D:5      | You fall into a shaft and drop 3 floors!
  4051 | D:8      | Noticed an orc warrior
  4069 | D:8      | Identified the +1 leather armour of Forking Paths {Int+5
                  | Dex+4}
  4072 | D:8      | Identified a scroll of acquirement
  4072 | D:8      | Acquired the +4 executioner's axe "Weycrac" {vorpal, Str+2}
  4124 | D:7      | HP: 2/47 [orc priest/divine providence (12)]
  4125 | D:7      | Noticed a sky beast
  4161 | D:5      | Killed from afar by a white imp

Illustrated notes

Levels and vault maps discovered:
D:1:      dpeg_arrival_simpleton_c, layout_loops_corners
D:2:      layout_rooms, shapermc_ecumenical_altar_hornbeckon, minivault_19,
          nicolae_concentric_dashed_squares_mild
D:3:      layout_loops_corners, mainiacjoe_overflow_small_starburst,
          mainiacjoe_overflow_surrounded_room, minmay_misc_feat_tiny
D:4:      layout_loops_cross, temple_pool_b
D:5:      layout_layer_cave, uniq_sigmund
D:6:      layout_gridville, minitemple,
          chequers_temple_overflow_statue_of_worship, gammafunk_ghost_cemetery
D:7:      layout_gridville, lemuel_crystal_altar, minmay_liquid_box,
          uniq_prince_ribbit1, uniq_maggie
D:8:      layout_loops_ring, uniq_grum, uniq_gastronok

Skill      XL: |  1  2  3  4  5 |
---------------+----------------+-----
Dodging        | 1 2 |  2.5
Armour         | 3 |  3.7
Axes           | 3 |  3.8
Fighting       | 4 |  4.5
Invocations    | 1 |  1.7
Shields        | |  2.4

Action                   |  1- 3 |  4- 6 || total
-------------------------+-------+-------++-------
Melee: War axe           |    60 |       ||    60
       Tailslap          |     8 |    10 ||    18
       Mace              |    41 |    78 ||   119
Invok: Ancestor Life: He |     1 |       ||     1
 Abil: Rolling Charge    |     6 |    10 ||    16
Evoke: Wand              |       |     4 ||     4
  Use: Potion            |       |     9 ||     9
       Scroll            |       |     5 ||     5
Armor: Scale mail        |    42 |    74 ||   116
Dodge: Dodged            |    35 |    82 ||   117
Block: Buckler           |    18 |    26 ||    44

Table legend: (Time is in decaauts)
 A = Elapsed time spent in this place.
 B = Non-inter-level travel time spent in this place.
 C = Inter-level travel time spent in this place.
 D = Time resting spent in this place.
 E = Time spent auto-exploring this place.
 F = Levels seen in this place.
 G = Mean time per level.
                   A        B        C        D        E       F      G
               +--------+--------+--------+--------+--------+-----+--------+
         Total |   4236 |   4073 |    163 |    220 |   3229 |   8 |  529.5 |
       Dungeon |   4236 |   4073 |    163 |    220 |   3229 |   8 |  529.5 |
               +--------+--------+--------+--------+--------+-----+--------+

Top non-repeatable levels by time:
     D:1: 1184 daAuts
     D:3: 993 daAuts
     D:4: 963 daAuts
     D:2: 821 daAuts
     D:5: 175 daAuts
     D:8: 77 daAuts
     D:7: 15 daAuts
     D:6: 5 daAuts
